[Event "Titled Tuesday Blitz August 1 Late 2023"]
[White "Mekhitarian, Krikor Sevag"]
[Black "Cheng, Xiao"]
[WhiteFideId "2107660"]
[BlackFideId "2022915"]
[WhiteElo "2771"]
[BlackElo "2435"]
[Result "1-0"]
[Round "1"]
[TimeControl "180+1"]
[Date "2023.08.01"]
[WhiteClock "0:00:26"]
[BlackClock "0:00:31"]
[Board "50"]

1. Nf3 d5 2. c4 e6 3. d4 Nf6 4. cxd5 exd5 5. Nc3 Bb4 6. Bf4 O-O 7. e3 c5 8. Bd3 Nc6 9. dxc5 Qa5 10. O-O Bxc3 11. bxc3 Qxc5 12. Nd4 Ne4 13. Rc1 Bd7 14. Qc2 Rfe8 15. f3 Nf6 16. Bg5 h6 17. Bxf6 gxf6 18. Rfe1 Nxd4 19. cxd4 Qxc2 20. Rxc2 Rac8 21. Kf2 f5 22. Rec1 Kg7 23. Rc7 Be6 24. Ke2 Kf6 25. Kd2 Rxc7 26. Rxc7 Re7 27. Rc3 Rd7 28. a4 b6 29. Bb5 Rb7 30. Kd3 Ke7 31. e4 fxe4+ 32. fxe4 dxe4+ 33. Kxe4 Bd7 34. Kd5 Bxb5 35. axb5 Rd7+ 36. Ke5 f6+ 37. Ke4 Ke6 38. Rc6+ Kf7 39. d5 Re7+ 40. Kd4 Re2 41. Rc7+ Ke8 42. Rxa7 Rxg2 43. Rb7 Rxh2 44. Rxb6 Rd2+ 45. Kc5 Ke7 46. Rb7+ Ke8 47. Kd6 h5 48. Rh7 Rb2 49. Ke6 Kd8 50. d6 Re2+ 51. Kxf6 Rf2+ 52. Ke6 Re2+ 53. Kd5 Rd2+ 54. Kc6 Rc2+ 55. Kb7 Rd2 56. Rxh5 Rxd6 57. b6 Rd7+ 58. Kb8 Rd1 59. b7 Kd7 60. Rh2 Rd3 61. Ra2 Rb3 62. Ka7 Kc7 63. Rc2+ 1-0


[Site "https://www.chess.com"]

[Event "Titled Tuesday Blitz August 1 Late 2023"]
[White "Kirillov, Dmitry"]
[Black "Mahdavi, Reza"]
[WhiteFideId "34180572"]
[BlackFideId "12595926"]
[WhiteElo "2433"]
[BlackElo "2766"]
[Result "0-1"]
[Round "1"]
[TimeControl "180+1"]
[Date "2023.08.01"]
[WhiteClock "0:00:20"]
[BlackClock "0:01:34"]
[Board "51"]

1. d4 Nf6 2. Nf3 g6 3. Nbd2 Bg7 4. e4 d6 5. Bd3 O-O 6. O-O Nbd7 7. c3 e5 8. h3 Qe8 9. Re1 h6 10. Nf1 Kh7 11. Ng3 b6 12. a4 a5 13. Bb5 Bb7 14. Kh2 Rd8 15. Qc2 Qe7 16. Bd2 Ng8 17. Rad1 Kh8 18. Bc1 h5 19. Bg5 Bf6 20. Bxf6+ Qxf6 21. dxe5 Nxe5 22. Nxe5 dxe5 23. Nf1 Ne7 24. Kg1 Kg7 25. Ne3 Qf4 26. f3 h4 27. Qe2 Ng8 28. Nd5 Bxd5 29. exd5 f6 30. Qe4 Qg5 31. d6 cxd6 32. Qb7+ Kh6 33. Qxb6 Ne7 34. Rxd6 Nc8 35. Qxd8 Rxd8 36. Rxd8 Ne7 37. Red1 Qe3+ 38. Kh1 Nf5 39. R8d2 Kg5 40. Kh2 Qf4+ 41. Kg1 Ng3 42. c4 f5 43. c5 Qe3+ 44. Kh2 Qxc5 45. Rd5 Qe3 46. R1d3 Nf1+ 47. Kh1 Ng3+ 48. Kh2 Qf4 49. Kg1 e4 50. fxe4 Qf1+ 51. Kh2 Qh1# 0-1


[Site "https://www.chess.com"]

[Event "Titled Tuesday Blitz August 1 Late 2023"]
[White "Elsa167"]
[Black "Carrasco Miranda, Andres"]
[BlackFideId "3405990"]
[WhiteElo "2765"]
[BlackElo "2433"]
[Result "1-0"]
[Round "1"]
[TimeControl "180+1"]
[Date "2023.08.01"]
[WhiteClock "0:02:07"]
[BlackClock "0:01:26"]
[Board "52"]

1. d4 Nf6 2. c4 g6 3. Nc3 d5 4. Nf3 Bg7 5. Bg5 Ne4 6. cxd5 Nxg5 7. Nxg5 e6 8. Qd2 h6 9. Nf3 exd5 10. e3 O-O 11. b4 c6 12. Be2 a5 13. b5 Nd7 14. bxc6 bxc6 15. O-O Nf6 16. Rab1 Qd6 17. Ne5 Ba6 18. Bxa6 Rxa6 19. Qd3 Ra7 20. Na4 Nd7 21. Nxd7 Qxd7 22. Rfc1 Rc8 23. Nb6 Qc7 24. Nxc8 Qxc8 25. Rb6 Rc7 26. Qa6 1-0


[Site "https://www.chess.com"]

[Event "Titled Tuesday Blitz August 1 Late 2023"]
[White "Gabdushev, Ruslan"]
[Black "Pakleza, Zbigniew"]
[WhiteFideId "4137833"]
[BlackFideId "1119290"]
[WhiteElo "2432"]
[BlackElo "2759"]
[Result "0-1"]
[Round "1"]
[TimeControl "180+1"]
[Date "2023.08.01"]
[WhiteClock "0:00:00"]
[BlackClock "0:00:04"]
[Board "53"]

1. g3 d5 2. Bg2 Nf6 3. d3 Bf5 4. c3 e6 5. h3 h6 6. Nf3 Be7 7. O-O O-O 8. Nbd2 c5 9. Re1 Nc6 10. Qb3 Na5 11. Qc2 Bh7 12. Ne5 Qc7 13. Ndf3 Bd6 14. Ng4 Nd7 15. Qd2 Rfe8 16. e4 Nc6 17. Qe2 dxe4 18. dxe4 a6 19. e5 Bf8 20. Bf4 b5 21. h4 Rad8 22. Rad1 c4 23. Nfh2 Nc5 24. Qf3 Rxd1 25. Qxd1 Nd3 26. Re2 Nxf4 27. gxf4 Rd8 28. Rd2 Rxd2 29. Qxd2 Bd3 30. Ne3 Bc5 31. Nf3 Ne7 32. Ne1 Bg6 33. a3 Nf5 34. Nxf5 Bxf5 35. h5 a5 36. Nc2 Qb6 37. Ne3 Bd3 38. Bf1 Qd8 39. Bxd3 cxd3 40. Kf1 Bb6 41. Ng2 Qd5 42. Kg1 Qf3 43. Ne1 Qe2 44. Kg2 Qxd2 45. Nf3 Qxf2+ 46. Kh3 Qxf3+ 47. Kh2 Qf2+ 48. Kh3 d2 49. Kg4 d1=Q+ 0-1


[Site "https://www.chess.com"]

[Event "Titled Tuesday Blitz August 1 Late 2023"]
[White "Rozen, Eytan"]
[Black "Al Mukhaini, Shima"]
[WhiteFideId "2816750"]
[BlackFideId "22005854"]
[WhiteElo "2752"]
[BlackElo "2431"]
[Result "1-0"]
[Round "1"]
[TimeControl "180+1"]
[Date "2023.08.01"]
[WhiteClock "0:02:07"]
[BlackClock "0:01:37"]
[Board "54"]

1. c4 f5 2. b3 Nf6 3. Bb2 g6 4. Bxf6 exf6 5. Nc3 Bg7 6. g3 O-O 7. Bg2 c6 8. e3 d6 9. Nge2 Nd7 10. O-O Re8 11. d4 Nf8 12. Rc1 Be6 13. Nf4 Bf7 14. d5 c5 15. Ne6 Nxe6 16. dxe6 Bxe6 17. Bxb7 Rb8 18. Bc6 Re7 19. Bd5 Bxd5 20. Qxd5+ Kh8 21. Rfd1 Rd7 22. Rd2 Rb6 23. Na4 Ra6 24. Nxc5 Ra5 25. b4 Rxc5 26. bxc5 Bf8 27. c6 Rc7 28. c5 Rd7 29. cxd7 1-0


[Site "https://www.chess.com"]

[Event "Titled Tuesday Blitz August 1 Late 2023"]
[White "Ingunza Curro, Andres"]
[Black "Weetik, Vjacheslav"]
[WhiteFideId "24526371"]
[BlackFideId "4153472"]
[WhiteElo "2431"]
[BlackElo "2751"]
[Result "0-1"]
[Round "1"]
[TimeControl "180+1"]
[Date "2023.08.01"]
[WhiteClock "0:00:19"]
[BlackClock "0:00:06"]
[Board "55"]

1. d4 Nf6 2. Nf3 e6 3. e3 d5 4. Bd3 c5 5. O-O Nbd7 6. b3 Be7 7. Bb2 O-O 8. Nbd2 b6 9. Ne5 Bb7 10. Qf3 Qc7 11. Qh3 g6 12. Nxd7 Nxd7 13. c4 Bf6 14. Nf3 Bg7 15. Rac1 dxc4 16. Bxc4 Bc6 17. Ba1 Qb7 18. dxc5 Bxf3 19. Qxf3 Qxf3 20. gxf3 Bxa1 21. Rxa1 Nxc5 22. Rfd1 Rfd8 23. Kf1 Kf8 24. Ke2 Ke7 25. f4 Ne4 26. Rd3 Rxd3 27. Bxd3 Nc5 28. b4 Nxd3 29. Kxd3 Rd8+ 30. Ke2 Rc8 31. Kd3 Kd6 32. a4 a6 33. h4 e5 34. fxe5+ Kxe5 35. Rg1 b5 36. Ra1 Rc4 37. axb5 axb5 38. Ra7 Kf6 39. f4 Rxb4 40. Rb7 h5 41. Kc3 Rb1 42. Kc2 Rh1 43. Rxb5 Rxh4 44. Kd3 Rh1 45. Ke4 Rf1 46. Rb6+ Kg7 47. Rb2 f6 48. Rb7+ Kh6 49. Rb6 h4 50. Rxf6 h3 51. Rf8 Kg7 0-1


[Site "https://www.chess.com"]

[Event "Titled Tuesday Blitz August 1 Late 2023"]
[White "Golubka, Petro"]
[Black "Vega Gutierrez, Sabrina"]
[WhiteFideId "14114224"]
[BlackFideId "2219026"]
[WhiteElo "2746"]
[BlackElo "2430"]
[Result "1-0"]
[Round "1"]
[TimeControl "180+1"]
[Date "2023.08.01"]
[WhiteClock "0:00:20"]
[BlackClock "0:00:04"]
[Board "56"]

1. e4 c5 2. b3 g6 3. Bb2 Nf6 4. e5 Nd5 5. Qf3 Nc7 6. Bc4 e6 7. h4 h5 8. Qg3 Bg7 9. Na3 O-O 10. O-O-O a6 11. Nh3 b5 12. Bd3 Nc6 13. Kb1 Bb7 14. Be4 Na5 15. d3 Nd5 16. Ng5 d6 17. f4 b4 18. Nc4 Nc3+ 19. Bxc3 bxc3 20. Nxd6 Bd5 21. d4 cxd4 22. Rxd4 Qc7 23. Rh3 Rac8 24. Bxd5 Qc5 25. Qe3 exd5 26. Ra4 Qxe3 27. Rxe3 Rc5 28. b4 Rb8 29. Kc1 Nc4 30. Rxc3 Rc7 31. Nxc4 dxc4 32. Rxa6 Rxb4 33. Ra8+ Bf8 34. a3 Rb6 35. a4 Kg7 36. a5 Rbc6 37. a6 Bb4 38. Re3 Rb6 39. Ne4 c3 40. Nf6 Ba3+ 41. Kd1 Bf8 42. Ne8+ 1-0


[Site "https://www.chess.com"]

[Event "Titled Tuesday Blitz August 1 Late 2023"]
[White "Sari, Yasin"]
[Black "Volovich, Vasily"]
[WhiteFideId "6320902"]
[BlackFideId "34169676"]
[WhiteElo "2430"]
[BlackElo "2741"]
[Result "0-1"]
[Round "1"]
[TimeControl "180+1"]
[Date "2023.08.01"]
[WhiteClock "0:01:09"]
[BlackClock "0:01:56"]
[Board "57"]

1. e4 e6 2. d4 d5 3. exd5 exd5 4. Nf3 Nf6 5. Bd3 c5 6. dxc5 Bxc5 7. O-O O-O 8. Bg5 h6 9. Bh4 g5 10. Bg3 Ne4 11. Nbd2 f5 12. Be5 Nc6 13. c3 g4 14. Bxe4 gxf3 15. Qxf3 dxe4 16. Qe2 Nxe5 0-1


[Site "https://www.chess.com"]

[Event "Titled Tuesday Blitz August 1 Late 2023"]
[White "Koellner, Ruben Gideon"]
[Black "Baches Garcia, Guillermo"]
[WhiteFideId "12993093"]
[BlackFideId "2209764"]
[WhiteElo "2741"]
[BlackElo "2429"]
[Result "1/2-1/2"]
[Round "1"]
[TimeControl "180+1"]
[Date "2023.08.01"]
[WhiteClock "0:00:17"]
[BlackClock "0:00:10"]
[Board "58"]

1. d4 Nf6 2. Nf3 e6 3. Nbd2 d5 4. e3 c5 5. c3 Nbd7 6. Ne5 Bd6 7. f4 O-O 8. Bd3 b6 9. O-O Bb7 10. Qf3 Qe7 11. g4 Ne8 12. g5 a5 13. Bxh7+ Kxh7 14. Qh5+ Kg8 15. Rf3 g6 16. Qh6 Bxe5 17. Rh3 f5 18. Qxg6+ Ng7 19. fxe5 f4 20. Nf3 fxe3 21. Bxe3 cxd4 22. cxd4 Rf5 23. Nh4 Raf8 24. Nxf5 Rxf5 25. Rf1 Nf8 26. Qh6 Rxf1+ 27. Kxf1 Qf7+ 28. Qf6 Nd7 29. Qxf7+ Kxf7 30. Rh7 Nf8 31. Rh6 Ba6+ 32. Kf2 Bd3 33. Rf6+ Ke7 34. h4 Ng6 35. Kg3 Nh5+ 36. Kg4 Nxf6+ 37. exf6+ Kf7 38. Kg3 Be2 39. Bd2 a4 40. Bb4 b5 41. Bd6 Bd1 42. a3 Be2 43. Bc7 Bd1 44. Ba5 Be2 45. Be1 Bd1 46. Bd2 Be2 47. Bc3 Bd1 48. Be1 Be2 49. Kf2 Bd1 50. Ke3 Nf8 51. Bg3 Nd7 52. Kd2 Kg6 53. Kc3 Be2 54. Kd2 Bc4 55. Bd6 Bf1 56. h5+ Kxh5 57. f7 Kxg5 58. f8=Q Nxf8 59. Bxf8 Kf5 60. Bg7 Ke4 61. Be5 Bc4 62. Kc3 Bb3 63. Kb4 Bc4 64. Kc5 Kf5 65. Kd6 Bd3 66. Kc6 Bc4 67. Kc5 Ke4 68. Kb4 Kf5 69. Kc3 Ke4 70. Kd2 Kf5 71. Ke3 Bb3 72. Bc7 Bc4 73. Ba5 Bb3 74. Bc7 Bc4 75. Be5 Bb3 76. Bd6 Bc4 77. Be5 1/2-1/2


[Site "https://www.chess.com"]

[Event "Titled Tuesday Blitz August 1 Late 2023"]
[White "Necromon"]
[Black "Tsaruk, Maksim"]
[BlackFideId "13511173"]
[WhiteElo "2428"]
[BlackElo "2740"]
[Result "0-1"]
[Round "1"]
[TimeControl "180+1"]
[Date "2023.08.01"]
[WhiteClock "0:00:53"]
[BlackClock "0:00:42"]
[Board "59"]

1. Nf3 c5 2. b3 Nc6 3. Bb2 Nf6 4. g3 g6 5. c4 Bg7 6. Bg2 O-O 7. Nc3 e5 8. d3 d6 9. O-O Bg4 10. h3 Bxf3 11. Bxf3 Qd7 12. Nd5 Qxh3 13. Bg2 Qd7 14. e3 Nxd5 15. Bxd5 Ne7 16. Bg2 Rad8 17. d4 exd4 18. exd4 Nf5 19. Bh3 cxd4 20. Bxd4 Bxd4 21. Bxf5 Qxf5 22. Qxd4 b6 23. Rfe1 h5 24. Rad1 Rfe8 25. Rxe8+ Rxe8 26. Qxd6 h4 27. Qd3 Re1+ 28. Kg2 h3+ 29. Kh2 Qxf2+ 30. Kxh3 Re2 31. Qd8+ Kg7 32. Qd4+ Qxd4 33. Rxd4 Rxa2 34. Kg4 Ra3 35. Rd7 a5 36. Rd3 a4 0-1


[Site "https://www.chess.com"]

[Event "Titled Tuesday Blitz August 1 Late 2023"]
[White "Matinian, Nikita"]
[Black "Tworuszka, Michal"]
[WhiteFideId "24129100"]
[BlackFideId "1117858"]
[WhiteElo "2738"]
[BlackElo "2428"]
[Result "0-1"]
[Round "1"]
[TimeControl "180+1"]
[Date "2023.08.01"]
[WhiteClock "0:00:00"]
[BlackClock "0:00:12"]
[Board "60"]

1. e4 c5 2. Nf3 e6 3. d4 cxd4 4. Nxd4 Nc6 5. Nc3 Qc7 6. Be3 a6 7. g4 Bb4 8. Nxc6 Qxc6 9. Qd4 Bxc3+ 10. bxc3 Ne7 11. f3 O-O 12. h4 d5 13. e5 f6 14. exf6 Rxf6 15. Be2 Qc7 16. f4 Nc6 17. Qd2 e5 18. f5 Rd6 19. O-O d4 20. Bf2 b5 21. Bf3 Bb7 22. Rae1 Re8 23. cxd4 Nxd4 24. Bxd4 Rxd4 25. Qg2 e4 26. Qf2 Qe5 27. Bg2 e3 28. Rxe3 Qxe3 29. Qxe3 Rxe3 30. Bxb7 Rxg4+ 31. Kf2 Rf4+ 32. Kxe3 Rxf1 33. Bxa6 Rxf5 34. Ke4 g6 35. c4 bxc4 36. Bxc4+ Kf8 37. a4 Ke7 38. Bd5 Kd6 39. Bg8 Rh5 40. Kf4 Rxh4+ 41. Kg5 Rh5+ 42. Kf6 Rf5+ 43. Kg7 g5 44. Bxh7 Ra5 45. Kh6 g4 46. Be4 g3 47. Bf3 Rf5 0-1


[Site "https://www.chess.com"]

[Event "Titled Tuesday Blitz August 1 Late 2023"]
[White "Jorajuria Mendoza, Algol"]
[Black "Bakalchuk, Johnatan"]
[WhiteFideId "5128897"]
[BlackFideId "2810301"]
[WhiteElo "2425"]
[BlackElo "2737"]
[Result "0-1"]
[Round "1"]
[TimeControl "180+1"]
[Date "2023.08.01"]
[WhiteClock "0:00:00"]
[BlackClock "0:01:00"]
[Board "61"]

1. e4 c5 2. Nf3 g6 3. c3 d5 4. e5 Nc6 5. d4 Bg7 6. h3 cxd4 7. cxd4 Nh6 8. Bb5 O-O 9. Bxc6 bxc6 10. O-O f6 11. exf6 exf6 12. Nc3 Nf7 13. Bf4 g5 14. Bg3 Bf5 15. Qa4 Qd7 16. Rac1 h5 17. h4 g4 18. Nd2 Bh6 19. Rcd1 Rae8 20. Qa6 Bc2 21. Nb3 Bxd1 22. Rxd1 f5 23. Nc5 Qc8 24. Qd3 Nh8 25. Bd6 Rf7 26. Ne2 Ng6 27. Ng3 Qd8 28. Be5 Nxe5 29. dxe5 Rxe5 30. Nxh5 Qxh4 31. Ng3 Bf4 32. Qc3 Rh7 0-1


[Site "https://www.chess.com"]

[Event "Titled Tuesday Blitz August 1 Late 2023"]
[White "Ozer, Omer Faruk"]
[Black "WindWhistler11"]
[WhiteFideId "6354564"]
[WhiteElo "2736"]
[BlackElo "2424"]
[Result "0-1"]
[Round "1"]
[TimeControl "180+1"]
[Date "2023.08.01"]
[WhiteClock "0:00:12"]
[BlackClock "0:00:17"]
[Board "62"]

1. d4 Nf6 2. Bg5 e6 3. e4 Be7 4. e5 Nd5 5. Bxe7 Nxe7 6. Nf3 b6 7. Nc3 Bb7 8. Bd3 d6 9. O-O Ng6 10. Be4 d5 11. Bd3 a6 12. Ne2 c5 13. c3 O-O 14. g3 a5 15. h4 Ba6 16. h5 Ne7 17. h6 g6 18. Nh2 Bxd3 19. Qxd3 Nf5 20. Qd2 Nc6 21. Ng4 cxd4 22. cxd4 Rc8 23. a3 a4 24. Rac1 Kh8 25. Nf6 Qe7 26. Qf4 Na5 27. g4 Nh4 28. Kh2 Nc4 29. Kg3 g5 30. Qxg5 Ng6 31. Nxh7 Kxh7 32. Qh5 Nd2 33. Rfd1 Ne4+ 34. Kg2 Qg5 35. Qxg5 Nxg5 36. f4 Ne4 37. Kf3 f6 38. Rxc8 Rxc8 39. f5 Nh4+ 40. Kf4 Ng2+ 41. Kf3 Nh4+ 42. Kf4 Rc2 43. fxe6 Rxe2 44. e7 Ng6+ 45. Kf5 Nxe7+ 46. Ke6 Ng8 47. Rc1 fxe5 48. Rc7+ Kxh6 0-1


[Site "https://www.chess.com"]

[Event "Titled Tuesday Blitz August 1 Late 2023"]
[White "Harriott, Tyrell"]
[Black "Alex_Sahakyan2006"]
[WhiteFideId "2086484"]
[WhiteElo "2424"]
[BlackElo "2733"]
[Result "1-0"]
[Round "1"]
[TimeControl "180+1"]
[Date "2023.08.01"]
[WhiteClock "0:00:20"]
[BlackClock "0:00:00"]
[Board "63"]

1. d4 Nf6 2. e3 d5 3. Bd3 c5 4. c3 Nc6 5. f4 g6 6. Nf3 Bg7 7. O-O O-O 8. Nbd2 Bf5 9. Bxf5 gxf5 10. Ne5 e6 11. b3 Ne4 12. Nxe4 fxe4 13. Ba3 Nxe5 14. fxe5 Qg5 15. Rf4 b6 16. Qe2 f6 17. exf6 Rxf6 18. Rg4 Qh6 19. dxc5 Rg6 20. c6 Bxc3 21. Rf1 Be5 22. h3 Rc8 23. Rxg6+ hxg6 24. Qf2 Qg7 25. Qh4 Re8 26. Kh1 Bc7 27. Rf4 Bxf4 28. Qxf4 e5 29. Qg4 d4 30. Qxe4 d3 31. Qxd3 Qe7 32. Bxe7 1-0


[Site "https://www.chess.com"]

[Event "Titled Tuesday Blitz August 1 Late 2023"]
[White "Yanchenko, Roman"]
[Black "Nikolova, Adriana"]
[WhiteFideId "4137329"]
[BlackFideId "2908689"]
[WhiteElo "2725"]
[BlackElo "2423"]
[Result "1-0"]
[Round "1"]
[TimeControl "180+1"]
[Date "2023.08.01"]
[WhiteClock "0:01:01"]
[BlackClock "0:00:00"]
[Board "64"]

1. d4 d5 2. Nf3 Nf6 3. c4 c6 4. Nc3 dxc4 5. Bg5 e6 6. a4 h6 7. Bxf6 Qxf6 8. e3 Bb4 9. Bxc4 Nd7 10. O-O O-O 11. Ne4 Qe7 12. Ne5 Bd6 13. f4 Bxe5 14. fxe5 c5 15. Nf6+ gxf6 16. Qg4+ Kh7 17. Qh4 Rg8 18. exf6 Nxf6 19. Rxf6 Rg6 20. Bd3 Bd7 21. Rxg6 fxg6 22. Qxe7+ 1-0


[Site "https://www.chess.com"]

[Event "Titled Tuesday Blitz August 1 Late 2023"]
[White "Davidson, Kevin"]
[Black "Krishna C R G"]
[WhiteFideId "2056810"]
[BlackFideId "5018625"]
[WhiteElo "2423"]
[BlackElo "2720"]
[Result "0-1"]
[Round "1"]
[TimeControl "180+1"]
[Date "2023.08.01"]
[WhiteClock "0:00:00"]
[BlackClock "0:01:11"]
[Board "65"]

1. e4 d6 2. d4 Nf6 3. Nc3 Nbd7 4. g4 h6 5. h3 e5 6. Nge2 Be7 7. Be3 c6 8. Bg2 Qc7 9. Qd2 Nb6 10. b3 a5 11. a4 Be6 12. Ng3 exd4 13. Bxd4 Nbd7 14. O-O g5 15. Nf5 Bxf5 16. exf5 Ne5 17. f4 gxf4 18. Qxf4 O-O-O 19. Rae1 Nfd7 20. f6 Bxf6 21. Qf5 Kb8 22. Ne4 Be7 23. Ng3 Bh4 24. Qf4 Rde8 25. Re3 Bg5 26. Qf2 Bxe3 27. Bxe3 Re6 28. Nf5 Rhe8 29. Bxh6 Rg8 30. Bf4 f6 31. Qd4 Qb6 32. Qxb6 Nxb6 33. Rd1 Nc8 34. c4 Kc7 35. Kf2 Ng6 36. Bg3 Ne5 37. Rd2 Nb6 38. Rd1 Nbd7 39. Rd2 Nc5 40. Nd4 Ree8 41. Kg1 Ned3 42. Bh4 Nf4 0-1


[Site "https://www.chess.com"]

[Event "Titled Tuesday Blitz August 1 Late 2023"]
[White "Jaracz, Pawel"]
[Black "Kubatko, Ivan"]
[WhiteFideId "1102222"]
[BlackFideId "24111473"]
[WhiteElo "2716"]
[BlackElo "2421"]
[Result "1-0"]
[Round "1"]
[TimeControl "180+1"]
[Date "2023.08.01"]
[WhiteClock "0:00:22"]
[BlackClock "0:00:00"]
[Board "66"]

1. d4 d5 2. c4 e6 3. Nf3 c6 4. e3 Bd6 5. Be2 f5 6. O-O Nf6 7. Nc3 O-O 8. Ne5 Bd7 9. f4 Be8 10. c5 Be7 11. b4 a6 12. a4 Nbd7 13. Bd2 Ne4 14. Nxe4 fxe4 15. Bg4 Nxe5 16. dxe5 Qd7 17. Bc3 Bg6 18. Bh3 a5 19. Qd4 axb4 20. Bxb4 Ra6 21. a5 Rfa8 22. g4 Bd8 23. f5 Bf7 24. Ra2 Bxa5 25. Raf2 Bxb4 26. Qxb4 Ra4 27. fxe6 Qxe6 28. Qxb7 R4a7 29. Qb6 h5 30. Rf4 Qxe5 31. Qxc6 Ra2 32. gxh5 Bxh5 33. Qe6+ Qxe6 34. Bxe6+ Kh7 35. Bxd5 R8a3 36. Bxa2 Rxa2 37. Rxe4 Rc2 38. Re5 Bg6 39. Rf2 1-0


[Site "https://www.chess.com"]

[Event "Titled Tuesday Blitz August 1 Late 2023"]
[White "Kazakov, Mikhail"]
[Black "Vetoshko, Volodymyr"]
[WhiteFideId "14102749"]
[BlackFideId "14122480"]
[WhiteElo "2420"]
[BlackElo "2710"]
[Result "0-1"]
[Round "1"]
[TimeControl "180+1"]
[Date "2023.08.01"]
[WhiteClock "0:00:08"]
[BlackClock "0:00:56"]
[Board "67"]

1. d4 d5 2. c4 e6 3. Nc3 a6 4. cxd5 exd5 5. Nf3 Nf6 6. Bg5 Be6 7. e3 Nbd7 8. Bd3 Bd6 9. O-O c6 10. Bf4 Qc7 11. Qd2 O-O 12. Rac1 Rfe8 13. a3 Bg4 14. Be2 Bxf4 15. exf4 Ne4 16. Nxe4 Rxe4 17. g3 Rae8 18. Bd1 Qb6 19. Ne5 Rxd4 20. Qe3 Bxd1 21. Nxd7 Rxe3 22. Nxb6 Red3 23. Re1 g6 24. Nd7 Rd2 25. Nf6+ Kg7 26. Ne8+ Kf8 27. Nd6 Bf3 28. b4 Ra2 29. Nxb7 Rdd2 30. Rf1 Be2 31. Rfe1 Bb5 32. Rf1 Bxf1 33. Rxf1 Rxa3 34. Nc5 Rda2 35. Kg2 Ra1 0-1


[Site "https://www.chess.com"]

[Event "Titled Tuesday Blitz August 1 Late 2023"]
[White "Papasimakopoulos, Alexandros"]
[Black "Todorovic, Bojan"]
[WhiteFideId "4244125"]
[BlackFideId "917087"]
[WhiteElo "2708"]
[BlackElo "2420"]
[Result "0-1"]
[Round "1"]
[TimeControl "180+1"]
[Date "2023.08.01"]
[WhiteClock "0:00:06"]
[BlackClock "0:01:04"]
[Board "68"]

1. d4 Nf6 2. c4 e6 3. Nc3 Bb4 4. Qc2 Nc6 5. e3 O-O 6. Bd2 d6 7. a3 Bxc3 8. Bxc3 e5 9. d5 Ne7 10. Bd3 a5 11. b3 Ng6 12. Ne2 Re8 13. f3 Bd7 14. Ng3 c6 15. dxc6 bxc6 16. O-O d5 17. cxd5 cxd5 18. Bxg6 hxg6 19. Qb2 Qe7 20. b4 Bb5 21. Rfd1 a4 22. Rac1 Rac8 23. Nh1 g5 24. Be1 Bc4 25. Bg3 g4 26. Nf2 gxf3 27. gxf3 Nh5 28. Kg2 Qg5 29. Qd2 Bb3 30. Rxc8 Rxc8 31. Rc1 Rxc1 32. Qxc1 Bc4 33. f4 exf4 34. exf4 Qf5 35. Qe3 Nf6 36. Qe5 Qc2 37. f5 Ne4 38. Qe8+ Kh7 39. Qxf7 Nxf2 40. Qg6+ Kg8 41. Qe6+ Kh7 42. Bxf2 Bd3 43. f6 Be4+ 44. Kg3 Qd3+ 45. Kh4 Qf3 46. f7 Qxf2+ 47. Kg4 Qf3+ 48. Kh4 Qf4+ 49. Kh3 Bf5+ 50. Qxf5+ Qxf5+ 51. Kh4 Qxf7 52. h3 Qe6 0-1


[Site "https://www.chess.com"]

[Event "Titled Tuesday Blitz August 1 Late 2023"]
[White "Viana Da Costa, Fernando"]
[Black "Kozionov, Kirill"]
[WhiteFideId "2111900"]
[BlackFideId "24101729"]
[WhiteElo "2420"]
[BlackElo "2706"]
[Result "0-1"]
[Round "1"]
[TimeControl "180+1"]
[Date "2023.08.01"]
[WhiteClock "0:00:18"]
[BlackClock "0:00:01"]
[Board "69"]

1. e4 Nc6 2. d4 d6 3. Nf3 Nf6 4. Nc3 g6 5. h3 Bg7 6. Be3 a6 7. Qd2 b5 8. Bd3 Bb7 9. O-O-O Nb4 10. Bh6 Nxd3+ 11. cxd3 Bxh6 12. Qxh6 Qd7 13. Kb1 b4 14. Ne2 a5 15. d5 c6 16. dxc6 Bxc6 17. Ned4 Bb7 18. Rc1 a4 19. Ka1 Ba6 20. Rhd1 Rc8 21. Qd2 Rxc1+ 22. Rxc1 b3 23. Qa5 Qb7 24. Rc7 Qa8 25. Qxa4+ Kf8 26. Qxb3 Qd8 27. Qb6 Bxd3 28. Nc6 Qa8 29. Ra7 Qc8 30. Rc7 Qa8 31. Rxe7 Bxe4 32. Ng5 Bd5 33. Qc7 Qxa2# 0-1


[Site "https://www.chess.com"]

[Event "Titled Tuesday Blitz August 1 Late 2023"]
[White "Fiorito, Joaquin"]
[Black "Arnold, Ken"]
[WhiteFideId "180173"]
[BlackFideId "2056836"]
[WhiteElo "2706"]
[BlackElo "2418"]
[Result "1/2-1/2"]
[Round "1"]
[TimeControl "180+1"]
[Date "2023.08.01"]
[WhiteClock "0:00:17"]
[BlackClock "0:00:09"]
[Board "70"]

1. d4 c6 2. Nc3 d5 3. Bf4 Nf6 4. e3 Bf5 5. f3 Nbd7 6. g4 Bg6 7. h4 h6 8. Qd2 e6 9. Nh3 Bb4 10. a3 Qa5 11. Bd3 Bxd3 12. cxd3 c5 13. Bd6 Bxc3 14. Qxc3 Qxc3+ 15. bxc3 Rc8 16. Kd2 Rc6 17. dxc5 Nxc5 18. Bxc5 Rxc5 19. Nf4 Ke7 20. g5 Nd7 21. g6 f5 22. Nh5 Rg8 23. Rab1 b6 24. a4 Nf6 25. Nf4 Rgc8 26. Rhc1 e5 27. Ne2 Ra5 28. Rb4 Nd7 29. f4 e4 30. Ng3 Ke6 31. Nh5 Rg8 32. c4 Nc5 33. cxd5+ Kxd5 34. dxe4+ fxe4 35. Rcc4 Ke6 36. Ke2 Kf5 37. Ng3+ Kxg6 38. Nxe4 Nxe4 39. Rxe4 Rf8 40. Kf3 Rf6 41. Re7 Rf7 42. h5+ Kf6 43. Re8 Rxh5 44. e4 Rh3+ 45. Kg4 Ra3 46. f5 Re7 47. Rxe7 Kxe7 48. Kf4 Ra1 49. Ke5 h5 50. Rc4 Rd1 51. Rc3 a6 52. Rg3 Kf7 53. Rb3 b5 54. axb5 axb5 55. Rxb5 h4 56. Rb3 Rh1 57. Rb7+ Kg8 58. Ke6 h3 59. Rb3 h2 60. Rb2 Re1 61. Rxh2 Rxe4+ 62. Kd5 Ra4 63. Rc2 Ra7 64. Rc6 Kf7 65. Ke5 Re7+ 66. Kf4 Re8 67. Kg5 Re7 68. Rd6 Re8 69. Rd7+ Re7 70. Rd6 Re5 71. Rb6 Re7 72. Rb1 Re2 73. Rg1 Re7 74. Rf1 Rc7 75. Re1 Rc6 76. Rd1 Rc7 77. Rd6 Re7 78. Kf4 Re8 79. Rd7+ Re7 80. Rd5 Re8 81. Kg5 Re7 82. Rd2 Re8 83. Rh2 Re5 84. Rh8 Rd5 85. Rh7 Rd6 86. Rh4 Rh6 87. Re4 Rd6 88. Rc4 Rd7 89. Rc5 Re7 90. Rc6 Rd7 91. Re6 Re7 92. Rg6 Re1 93. Rc6 Rg1+ 94. Kf4 Rf1+ 95. Kg4 Rg1+ 96. Kh3 Rf1 97. Kg4 Rg1+ 98. Kf4 Rf1+ 99. Ke5 Re1+ 100. Kd4 Rd1+ 101. Ke4 Re1+ 102. Kd3 Rf1 103. Rc5 Kf6 104. Ke4 Re1+ 105. Kf4 Rf1+ 106. Kg4 Rg1+ 107. Kf3 Rf1+ 108. Ke4 Re1+ 109. Kf4 Rf1+ 110. Kg4 Rg1+ 111. Kh3 Rf1 1/2-1/2


[Site "https://www.chess.com"]

[Event "Titled Tuesday Blitz August 1 Late 2023"]
[White "Kielinkei"]
[Black "Wu, Derek"]
[BlackFideId "30914558"]
[WhiteElo "2417"]
[BlackElo "2704"]
[Result "1/2-1/2"]
[Round "1"]
[TimeControl "180+1"]
[Date "2023.08.01"]
[WhiteClock "0:00:08"]
[BlackClock "0:00:12"]
[Board "71"]

1. Nf3 d5 2. e3 Bg4 3. d4 e6 4. c4 Nf6 5. Nc3 c6 6. h3 Bh5 7. b3 Bb4 8. Bd2 O-O 9. a3 Bd6 10. Be2 Nbd7 11. O-O Re8 12. Qc2 Qe7 13. e4 Bg6 14. Bd3 dxc4 15. bxc4 e5 16. d5 Nc5 17. Nh4 Rac8 18. Nxg6 hxg6 19. Rfe1 cxd5 20. cxd5 Nxd3 21. Qxd3 Bc5 22. Be3 Nh5 23. Bxc5 Rxc5 24. d6 Qd7 25. Rad1 Nf4 26. Qe3 Rec8 27. Nd5 Qxd6 28. Nxf4 exf4 29. Rxd6 fxe3 30. Rxe3 Rc3 31. Rdd3 Rxd3 32. Rxd3 g5 33. Rd7 Rc3 34. Rxb7 Rxa3 35. g3 f6 36. Kg2 Kh7 37. Rc7 Kg6 38. Rb7 Ra4 39. Rc7 a6 40. Ra7 Ra2 41. Kf3 a5 42. Ra6 a4 43. e5 a3 44. e6 Ra1 45. e7 Kf7 46. Ra7 a2 47. Kg2 Ke8 48. Kf3 g6 49. Kg2 f5 50. h4 gxh4 51. gxh4 f4 52. Kf3 Kf7 53. Kxf4 Rh1 54. Rxa2 Rxh4+ 55. Kg3 Re4 56. Ra7 Rxe7 57. Rxe7+ Kxe7 58. Kg4 Kf6 59. Kf4 Kf7 60. Kg5 Kg7 61. f4 Kf7 62. f5 gxf5 63. Kxf5 1/2-1/2


[Site "https://www.chess.com"]